[Event "ESP-chT 1st Division 2020"]
[Site "Padron"]
[Date "2020.10.05"]
[Round "3.18"]
[White "Rodrigo Yanguas, Maria"]
[Black "Dorado Meijide, Andrea"]
[Result "0-1"]
[ECO "C08"]
[WhiteElo "2077"]
[BlackElo "1779"]
[Annotator "NA"]
[PlyCount "82"]
[EventDate "2020.10.01"]
[EventType "team-tourn"]
[EventCountry "ESP"]
[SourceTitle "playchess.com"]
[Source "ChessBase"]
[SourceQuality "1"]
[TimeControl "5400+30"]

1. e4 e6 2. d4 d5 3. Nd2 c5 4. exd5 exd5 5. dxc5 Bxc5 6. Nb3 Bb6 7. Nf3 Nf6 8. h3 O-O 9. Be2 Ne4 10. Nbd4 Nc6 11. O-O Qf6 12. Be3 Bd7 13. c3 Rad8 14. Kh1 Rfe8 15. Qb3 Ng3+ 16. fxg3 Rxe3 17. Qxd5 Be6 18. Qh5 Rd5 19. Qh4 Qxh4 20. gxh4 Nxd4 21. Nxd4 Rxd4 22. cxd4 Rxe2 23. Rfe1 Rxe1+ 24. Rxe1 Bxd4 25. b3 g6 26. h5 Kg7 27. hxg6 hxg6 28. Kh2 a5 29. Re4 Bc5 30. Kg3 b5 31. Kf4 Bd5 32. Re2 a4 33. Ke5 Be6 34. bxa4 bxa4 35. Rc2 Be7 36. Rf2 a3 37. g4 Kh6 38. Rc2 Bf8 39. Rc6 Bg7+ 40. Kf4 Bb2 41. g5+ Kg7 0-1

[Event "ESP-chT 1st Division 2020"]
[Site "Padron"]
[Date "2020.10.05"]
[Round "3.19"]
[White "Pap, Misa"]
[Black "Ladron De Guevara Pinto, Paolo"]
[Result "0-1"]
[ECO "C77"]
[WhiteElo "2447"]
[BlackElo "2433"]
[Annotator "ChessBase"]
[PlyCount "128"]
[EventDate "2020.10.01"]
[EventType "team-tourn"]
[EventCountry "ESP"]
[SourceTitle "playchess.com"]
[Source "ChessBase"]
[SourceQuality "1"]
[TimeControl "5400+30"]

1. e4 e5 2. Nf3 Nc6 3. Bb5 a6 4. Ba4 Nf6 5. d3 d6 6. c3 g6 7. O-O Bg7 8. Re1 O-O 9. Bxc6 bxc6 10. d4 Nd7 11. Bg5 f6 12. Be3 Rb8 13. Nbd2 Qe7 14. Qc2 Qf7 15. Nb3 Nb6 16. Nfd2 Re8 17. Na5 Bd7 18. b3 Nc8 19. Qd3 Ne7 20. dxe5 fxe5 21. b4 Ra8 22. f3 Kh8 23. Rf1 Rf8 24. a3 Qf6 25. Rf2 g5 26. Rc1 h6 27. Nf1 Qf7 28. Ng3 Kg8 29. c4 Be6 30. Nf1 Rfd8 31. g4 Rd7 32. Ng3 d5 33. Qc2 d4 34. Bd2 Qf6 35. Qd3 Bf8 36. Nf5 Bf7 37. h4 gxh4 38. g5 Qe6 39. Nb7 Ng6 40. Rg2 h5 41. Kf2 Rb8 42. Na5 Kh7 43. Rh1 c5 44. Nxh4 Nxh4 45. Rxh4 cxb4 46. axb4 Bxb4 47. Kg3 Bg6 48. Nb3 Rf7 49. Bxb4 Rxb4 50. Nd2 c5 51. Kh2 a5 52. Qe2 Kg7 53. Qd1 a4 54. Nf1 Rf4 55. Rxf4 exf4 56. Qc1 Qe5 57. Nd2 d3 58. Nb1 Rb3 59. Na3 Bf7 60. g6 Bxg6 61. Nb5 Kh7 62. Qd2 Qf6 63. Qf2 d2 64. Qxd2 Qh4+ 0-1

[Event "ESP-chT 1st Division 2020"]
[Site "Padron"]
[Date "2020.10.05"]
[Round "3.20"]
[White "Alshameary Puente, Ismael"]
[Black "Pile, Richard"]
[Result "0-1"]
[ECO "E20"]
[WhiteElo "2373"]
[BlackElo "2450"]
[Annotator "ChessBase"]
[PlyCount "64"]
[EventDate "2020.10.01"]
[EventType "team-tourn"]
[EventCountry "ESP"]
[SourceTitle "playchess.com"]
[Source "ChessBase"]
[SourceQuality "1"]
[TimeControl "5400+30"]

1. d4 Nf6 2. c4 e6 3. Nc3 Bb4 4. f3 d5 5. a3 Be7 6. e4 dxe4 7. fxe4 e5 8. d5 Bc5 9. Nf3 Bg4 10. h3 Bxf3 11. Qxf3 Nbd7 12. Bd3 c6 13. Bd2 a5 14. Bc2 O-O 15. Bg5 Bd4 16. Rb1 h6 17. Bh4 a4 18. Ne2 Qa5+ 19. Kf1 cxd5 20. cxd5 Rac8 21. Bd3 Nh7 22. Be1 Qb6 23. h4 f5 24. exf5 Nhf6 25. Nxd4 exd4 26. Bg3 Rfe8 27. Bf4 Ne5 28. Qd1 Nxd5 29. g3 Nxd3 30. Qxd3 Nxf4 31. gxf4 Re3 32. Qd1 Qd6 0-1

[Event "ESP-chT 1st Division 2020"]
[Site "Padron"]
[Date "2020.10.05"]
[Round "3.21"]
[White "Hernando Rodrigo, Julio Antonio"]
[Black "Garrido Outon, Alex"]
[Result "1-0"]
[ECO "E71"]
[WhiteElo "2266"]
[BlackElo "2366"]
[Annotator "NA"]
[PlyCount "95"]
[EventDate "2020.10.01"]
[EventType "team-tourn"]
[EventCountry "ESP"]
[SourceTitle "playchess.com"]
[Source "ChessBase"]
[SourceQuality "1"]
[TimeControl "5400+30"]

1. d4 Nf6 2. c4 g6 3. Nc3 Bg7 4. e4 d6 5. h3 O-O 6. Nf3 c5 7. d5 e6 8. Bd3 Na6 9. O-O Nc7 10. Rb1 Rb8 11. a4 e5 12. a5 Na6 13. Nb5 Nb4 14. Nxa7 Qxa5 15. Nb5 Qb6 16. Ne1 Nxd3 17. Qxd3 Nxe4 18. Ra1 f5 19. f3 Ng3 20. Rf2 Bd7 21. Kh2 e4 22. Qb3 Bxb5 23. Kxg3 e3 24. Rf1 Qd8 25. cxb5 Be5+ 26. f4 Qg5+ 27. Kh2 Bxf4+ 28. Kg1 Rbe8 29. Rf3 Re4 30. Ra4 Rfe8 31. Nc2 Qh4 32. Rxe4 fxe4 33. Rxf4 Qxf4 34. Bxe3 Qf5 35. b6 h5 36. Na3 Rf8 37. Nb5 Rf6 38. Nc3 Qf1+ 39. Kh2 Qe1 40. Nxe4 Rf1 41. Ng3 Rf7 42. Qd3 Kg7 43. Qe4 Qd1 44. Bg5 Qd4 45. Qe6 c4 46. h4 Qf2 47. Ne4 Qf5 48. Nxd6 1-0

[Event "ESP-chT 1st Division 2020"]
[Site "Padron"]
[Date "2020.10.05"]
[Round "3.22"]
[White "Herrera Delgado, Alejandro"]
[Black "Hernando Rodrigo, Jose Maria"]
[Result "0-1"]
[ECO "B34"]
[WhiteElo "2280"]
[BlackElo "2311"]
[Annotator "NA"]
[PlyCount "90"]
[EventDate "2020.10.01"]
[EventType "team-tourn"]
[EventCountry "ESP"]
[SourceTitle "playchess.com"]
[Source "ChessBase"]
[SourceQuality "1"]
[TimeControl "5400+30"]

1. e4 c5 2. Nf3 Nc6 3. Nc3 Nf6 4. d4 cxd4 5. Nxd4 e5 6. Ndb5 h6 7. Nd6+ Bxd6 8. Qxd6 Qe7 9. Qd1 O-O 10. Bd3 d6 11. Bc4 Be6 12. Nd5 Qd8 13. Nxf6+ Qxf6 14. Bd5 Qg6 15. O-O Bh3 16. Qf3 Bg4 17. Qd3 Nb4 18. Qb3 Nxd5 19. exd5 Bf5 20. Qg3 Qxg3 21. hxg3 Bxc2 22. b3 Rac8 23. Ba3 Rfd8 24. Rac1 Kf8 25. Rfe1 Ke8 26. Re2 Bf5 27. Rxc8 Bxc8 28. Rc2 Bf5 29. Rc7 Rd7 30. Rc8+ Ke7 31. Kf1 Be4 32. f3 Bxd5 33. g4 Be6 34. Rg8 g6 35. Rh8 Rc7 36. Rxh6 Rc2 37. Rh1 a5 38. Kg1 Rxa2 39. Bc1 Bxb3 40. Bg5+ f6 41. Rh7+ Bf7 42. Be3 a4 43. g5 a3 44. f4 Re2 45. fxe5 fxe5 0-1

[Event "ESP-chT 1st Division 2020"]
[Site "Padron"]
[Date "2020.10.05"]
[Round "3.23"]
[White "Korneev Leskova, Svyatoslav"]
[Black "Garcia Jimenez, Santiago"]
[Result "1-0"]
[ECO "A10"]
[WhiteElo "2170"]
[BlackElo "2203"]
[Annotator "NA"]
[PlyCount "59"]
[EventDate "2020.10.01"]
[EventType "team-tourn"]
[EventCountry "ESP"]
[SourceTitle "playchess.com"]
[Source "ChessBase"]
[SourceQuality "1"]
[TimeControl "5400+30"]

1. c4 g6 2. Nc3 Bg7 3. g3 d6 4. Bg2 c5 5. d3 Nc6 6. Qd2 e5 7. h4 h6 8. b3 Nge7 9. Bb2 a6 10. e3 Rb8 11. Nge2 Nf5 12. h5 g5 13. O-O-O Bd7 14. Ne4 Qc7 15. f4 b5 16. N2c3 Nfe7 17. fxg5 hxg5 18. h6 Bxh6 19. Nxg5 Be6 20. Rdf1 Nf5 21. Nd5 Qd8 22. Nxf7 Kxf7 23. g4 Nb4 24. Nxb4 cxb4 25. gxf5 Bd7 26. Bd5+ Kf6 27. d4 Qe7 28. Be6 Bc6 29. dxe5+ dxe5 30. Bxe5+ 1-0

[Event "ESP-chT 1st Division 2020"]
[Site "Padron"]
[Date "2020.10.05"]
[Round "3.24"]
[White "Perera Borrego, Maria Adela"]
[Black "San Juan Morigosa, Isaura"]
[Result "1-0"]
[ECO "A40"]
[WhiteElo "2221"]
[BlackElo "1766"]
[Annotator "NA"]
[PlyCount "51"]
[EventDate "2020.10.01"]
[EventType "team-tourn"]
[EventCountry "ESP"]
[SourceTitle "playchess.com"]
[Source "ChessBase"]
[SourceQuality "1"]
[TimeControl "5400+30"]

1. d4 g6 2. Nf3 Bg7 3. g3 Nf6 4. Bg2 O-O 5. O-O d6 6. c4 c6 7. Nc3 Qc7 8. e4 a5 9. h3 e5 10. Be3 Na6 11. Qd2 Re8 12. Rfe1 Nh5 13. Bh6 Bh8 14. Rad1 f5 15. exf5 gxf5 16. Qg5+ Ng7 17. dxe5 dxe5 18. Nxe5 Nc5 19. Ng4 Rxe1+ 20. Rxe1 Nce6 21. Nf6+ Kf7 22. Qh4 Kg6 23. g4 Nc5 24. Qg5+ Kf7 25. Bxg7 Bxg7 26. Qxg7+ 1-0

[Event "ESP-chT 1st Division 2020"]
[Site "Padron"]
[Date "2020.10.06"]
[Round "4.6"]
[White "Chacon Perez, Juan"]
[Black "Gracia Laguens, Asuncion"]
[Result "1-0"]
[ECO "B23"]
[WhiteElo "2141"]
[BlackElo "1414"]
[Annotator "ChessBase"]
[PlyCount "63"]
[EventDate "2020.10.01"]
[EventType "team-tourn"]
[EventCountry "ESP"]
[SourceTitle "playchess.com"]
[Source "ChessBase"]
[SourceQuality "1"]
[TimeControl "5400+30"]

1. e4 c5 2. Nc3 e6 3. Nf3 d6 4. d4 cxd4 5. Nxd4 a6 6. Be3 Nf6 7. g4 g6 8. g5 Nfd7 9. Qd2 b5 10. f4 Nc5 11. Bg2 Bb7 12. a3 Bg7 13. O-O Nbd7 14. b4 Na4 15. Nxa4 bxa4 16. f5 e5 17. Ne2 Qc7 18. Ng3 Rc8 19. c4 O-O 20. f6 Bh8 21. Rfc1 Bxf6 22. gxf6 Nxf6 23. c5 Rfd8 24. cxd6 Qxd6 25. Qxd6 Rxd6 26. Rxc8+ Bxc8 27. Rc1 Be6 28. Bf1 h5 29. h4 Ng4 30. Bc5 Rd2 31. Bxa6 Nf2 32. Bxf2 1-0

[Event "ESP-chT 1st Division 2020"]
[Site "Padron"]
[Date "2020.10.06"]
[Round "4.12"]
[White "San Juan Morigosa, Isaura"]
[Black "Rodrigo Yanguas, Maria"]
[Result "0-1"]
[ECO "A58"]
[WhiteElo "1766"]
[BlackElo "2077"]
[Annotator "ChessBase"]
[PlyCount "74"]
[EventDate "2020.10.01"]
[EventType "team-tourn"]
[EventCountry "ESP"]
[SourceTitle "playchess.com"]
[Source "ChessBase"]
[SourceQuality "1"]
[TimeControl "5400+30"]

1. d4 Nf6 2. c4 c5 3. d5 b5 4. cxb5 a6 5. bxa6 g6 6. Nc3 Bg7 7. e4 O-O 8. Nf3 Qa5 9. Bd2 Bxa6 10. Bxa6 Qxa6 11. Qe2 e6 12. Qxa6 Nxa6 13. dxe6 fxe6 14. O-O d5 15. exd5 exd5 16. Bg5 d4 17. Bxf6 Rxf6 18. Ne4 Rc6 19. Rfd1 Re8 20. Ng3 Rd8 21. b3 Nb4 22. a4 Nd5 23. Rac1 Nf4 24. Kf1 Ne6 25. Rc4 Rb8 26. Nd2 Nf4 27. Nge4 Nd3 28. Rb1 Bf8 29. g3 Ne5 30. f4 Nxc4 31. Nxc4 Re6 32. Ne5 c4 33. Ng5 Rxe5 34. fxe5 Rxb3 35. Ra1 c3 36. Ke2 c2 37. e6 Rb1 0-1

[Event "ESP-chT 1st Division 2020"]
[Site "Padron"]
[Date "2020.10.07"]
[Round "5.21"]
[White "Garrido Outon, Alex"]
[Black "Almagro Llamas, Pablo"]
[Result "1/2-1/2"]
[ECO "B10"]
[WhiteElo "2366"]
[BlackElo "2429"]
[Annotator "RC"]
[PlyCount "79"]
[EventDate "2020.10.01"]
[EventType "team-tourn"]
[EventCountry "ESP"]
[SourceTitle "playchess.com"]
[Source "ChessBase"]
[SourceQuality "1"]
[TimeControl "5400+30"]

1. e4 c6 2. Nc3 d5 3. Nf3 dxe4 4. Nxe4 Nf6 5. Qe2 Qd5 6. Nxf6+ gxf6 7. g3 Na6 8. d3 Nb4 9. Bg2 Bg4 10. Kd1 e5 11. h3 Be6 12. Bd2 O-O-O 13. a3 Na6 14. Kc1 Nc5 15. Nh4 Qd7 16. g4 h5 17. gxh5 Be7 18. h6 Qd4 19. Nf3 Qa4 20. Be3 e4 21. dxe4 Qxe4 22. Ne1 Qa4 23. Nd3 Nxd3+ 24. cxd3 f5 25. Qc2 Bb3 26. Qc3 f4 27. Bd2 Rxh6 28. Be4 Rh5 29. Kb1 Rc5 30. Qb4 Rc1+ 31. Rxc1 Bxb4 32. axb4 Qb5 33. Rxa7 Rxd3 34. Ra5 Qxa5 35. bxa5 Rxd2 36. f3 Rh2 37. Rc3 Rh1+ 38. Rc1 Rh2 39. a6 bxa6 40. Bxc6 1/2-1/2

[Event "ESP-chT 1st Division 2020"]
[Site "Padron"]
[Date "2020.10.08"]
[Round "6.3"]
[White "Quintin Navarro, Alberto"]
[Black "Almagro Llamas, Pablo"]
[Result "1-0"]
[ECO "A10"]
[WhiteElo "2383"]
[BlackElo "2429"]
[Annotator "RC"]
[PlyCount "69"]
[EventDate "2020.10.01"]
[EventType "team-tourn"]
[EventCountry "ESP"]
[SourceTitle "playchess.com"]
[Source "ChessBase"]
[SourceQuality "1"]
[TimeControl "5400+30"]

1. c4 b6 2. Nc3 Bb7 3. d4 e6 4. a3 Nf6 5. d5 exd5 6. cxd5 Bd6 7. g3 O-O 8. Bg2 Re8 9. Nh3 Na6 10. O-O c5 11. Re1 c4 12. Nb5 Bb8 13. Qd4 Be5 14. Qxc4 Rc8 15. Qd3 Nc5 16. Qd1 a6 17. Nc3 Bxc3 18. bxc3 Nce4 19. d6 Nxc3 20. Qd3 Bxg2 21. Kxg2 Rc6 22. Bf4 Qa8 23. f3 h6 24. Rac1 Nfd5 25. e4 Nxf4+ 26. Nxf4 Nb5 27. Nd5 Rxc1 28. Rxc1 Re6 29. a4 Nxd6 30. Nf4 Nb7 31. Nxe6 dxe6 32. a5 Nc5 33. Qc4 Qd8 34. Qc2 Nd7 35. Qc8 1-0

[Event "ESP-chT 1st Division 2020"]
[Site "Padron"]
[Date "2020.10.09"]
[Round "7.1"]
[White "Suarez Gomez, Julio"]
[Black "Adla, Diego"]
[Result "1-0"]
[ECO "E20"]
[WhiteElo "2426"]
[BlackElo "2438"]
[Annotator "ChessBase"]
[PlyCount "173"]
[EventDate "2020.10.01"]
[EventType "team-tourn"]
[EventCountry "ESP"]
[SourceTitle "playchess.com"]
[Source "ChessBase"]
[SourceQuality "1"]
[TimeControl "5400+30"]

1. d4 Nf6 2. c4 e6 3. Nc3 Bb4 4. f3 O-O 5. a3 Bxc3+ 6. bxc3 Ne8 7. e4 b6 8. Bd3 Ba6 9. Nh3 Nc6 10. Qe2 Qh4+ 11. Nf2 Na5 12. e5 Nb3 13. Rb1 Nxc1 14. Rxc1 Rd8 15. O-O d6 16. Rcd1 Kh8 17. g3 Qh5 18. Qe3 f6 19. f4 Qf7 20. Qe4 g6 21. c5 Bxd3 22. Nxd3 Ng7 23. cxd6 cxd6 24. exf6 Qxf6 25. Nf2 Rc8 26. Qf3 Qf5 27. Ne4 Qd5 28. Qd3 Rc7 29. Rf3 Rfc8 30. g4 Rf8 31. Rdf1 Kg8 32. Ng5 Qc4 33. Qe3 h6 34. Ne4 Qd5 35. Qd3 Rcf7 36. Ng3 Rf6 37. c4 Qc6 38. Ne4 R6f7 39. d5 exd5 40. cxd5 Qd7 41. h3 Ne8 42. Ng3 Rf6 43. f5 gxf5 44. Nxf5 Qh7 45. Qe3 Kh8 46. Qd4 Kg8 47. Re1 h5 48. Rg3 h4 49. Rf3 Qd7 50. Re7 Rxf5 51. Rxd7 Rxf3 52. Re7 Rxh3 53. Qd2 Rg3+ 54. Kh2 Rxg4 55. Qe2 Nf6 56. Qe6+ Kh8 57. Rf7 Rxf7 58. Qxf7 Rf4 59. Qf8+ Kh7 60. Qxd6 Rf2+ 61. Kg1 Rf5 62. Qe6 Rxd5 63. Qxf6 Ra5 64. Qxh4+ Kg6 65. Qe7 Kf5 66. Kf2 Kf4 67. a4 Kf5 68. Kf3 Kg6 69. Qe6+ Kg7 70. Qe8 Kf6 71. Kf4 Kg7 72. Ke4 Kf6 73. Kd4 Kg7 74. Kc4 Kf6 75. Kb4 Kf5 76. Qe7 Kg6 77. Qf8 Kg5 78. Qf7 Kg4 79. Qf6 Kg3 80. Qf1 Kg4 81. Qf6 Kg3 82. Qd4 Kf3 83. Kc3 Kg3 84. Qe4 Rg5 85. Kd3 Rg4 86. Qe8 Rb4 87. Qb8+ 1-0

[Event "ESP-chT 1st Division 2020"]
[Site "Padron"]
[Date "2020.10.09"]
[Round "7.2"]
[White "Glavina, Pablo"]
[Black "Reinaldo Castineira, Roi"]
[Result "0-1"]
[ECO "A05"]
[WhiteElo "2412"]
[BlackElo "2469"]
[Annotator "ChessBase"]
[PlyCount "68"]
[EventDate "2020.10.01"]
[EventType "team-tourn"]
[EventCountry "ESP"]
[SourceTitle "playchess.com"]
[Source "ChessBase"]
[SourceQuality "1"]
[TimeControl "5400+30"]

1. Nf3 Nf6 2. g3 e6 3. Bg2 d5 4. c4 Nbd7 5. O-O dxc4 6. Qa4 a6 7. Qxc4 b5 8. Qc2 Bb7 9. a4 c5 10. d3 Be7 11. Nc3 b4 12. Nd1 a5 13. e4 c4 14. Re1 cxd3 15. Qxd3 Nc5 16. Qxd8+ Rxd8 17. e5 Nfd7 18. Bf4 Nb3 19. Rb1 Ndc5 20. Ng5 Bxg2 21. Kxg2 Nxa4 22. Ne4 Nac5 23. Nxc5 Bxc5 24. Ne3 O-O 25. Re2 h6 26. h4 Rd2 27. Rxd2 Nxd2 28. Rd1 Bxe3 29. Bxe3 Nc4 30. Ra1 Rd8 31. Bf4 Rd5 32. b3 Nxe5 33. Rc1 Nd3 34. Rc8+ Kh7 0-1

[Event "ESP-chT 1st Division 2020"]
[Site "Padron"]
[Date "2020.10.09"]
[Round "7.3"]
[White "Laiz Ibanez, Hector"]
[Black "Quintin Navarro, Alberto"]
[Result "1/2-1/2"]
[ECO "C92"]
[WhiteElo "2318"]
[BlackElo "2383"]
[Annotator "ChessBase"]
[PlyCount "126"]
[EventDate "2020.10.01"]
[EventType "team-tourn"]
[EventCountry "ESP"]
[SourceTitle "playchess.com"]
[Source "ChessBase"]
[SourceQuality "1"]
[TimeControl "5400+30"]

1. e4 e5 2. Nf3 Nc6 3. Bb5 a6 4. Ba4 Nf6 5. O-O Be7 6. Re1 b5 7. Bb3 d6 8. h3 O-O 9. c3 Bb7 10. d4 Re8 11. Nbd2 Bf8 12. Bc2 h6 13. d5 Nb8 14. a4 c6 15. dxc6 Bxc6 16. axb5 axb5 17. Rxa8 Bxa8 18. Nf1 Nbd7 19. Ng3 g6 20. Qe2 Bc6 21. Rd1 Qb6 22. h4 Nc5 23. h5 Ne6 24. hxg6 fxg6 25. Nh2 h5 26. Bb3 Kg7 27. Bxe6 Rxe6 28. Nf3 Ng4 29. Nh2 Nxh2 30. Kxh2 Qd8 31. Qe3 Qh4+ 32. Kg1 Qg4 33. Re1 Kh7 34. Qg5 Qxg5 35. Bxg5 Bh6 36. Bxh6 Kxh6 37. f3 Re8 38. Rd1 Rd8 39. Nf1 Kg7 40. Ne3 Kf6 41. Kf2 Ke6 42. Ra1 Ra8 43. Rxa8 Bxa8 44. Ke2 g5 45. Kd3 Kf6 46. c4 Bc6 47. Nf5 bxc4+ 48. Kxc4 g4 49. fxg4 Bxe4 50. Nxd6 Bxg2 51. gxh5 Kg5 52. Nf7+ Kxh5 53. Nxe5 Kg5 54. Kc5 Kf6 55. Kd6 Bf1 56. b4 Be2 57. Nd7+ Kf7 58. Nb6 Ke8 59. Kc5 Kd8 60. Nc4 Kc7 61. b5 Bxc4 62. Kxc4 Kb6 63. Kb3 Kxb5 1/2-1/2

[Event "ESP-chT 1st Division 2020"]
[Site "Padron"]
[Date "2020.10.09"]
[Round "7.4"]
[White "Bayo Milagro, Alvaro"]
[Black "Abal Cores, Lucas"]
[Result "1-0"]
[ECO "A10"]
[WhiteElo "2254"]
[BlackElo "2315"]
[Annotator "ChessBase"]
[PlyCount "69"]
[EventDate "2020.10.01"]
[EventType "team-tourn"]
[EventCountry "ESP"]
[SourceTitle "playchess.com"]
[Source "ChessBase"]
[SourceQuality "1"]
[TimeControl "5400+30"]

1. c4 f5 2. Nc3 Nf6 3. d4 d6 4. Bg5 Nbd7 5. Qc2 g6 6. e3 Bg7 7. Bd3 O-O 8. Nge2 e5 9. f3 c6 10. O-O Qe8 11. Rad1 Nh5 12. Kh1 Ndf6 13. b4 h6 14. Bh4 g5 15. Bf2 Qg6 16. c5 Ne8 17. g4 e4 18. fxe4 fxg4 19. e5 Qe6 20. cxd6 Nxd6 21. exd6 Qxd6 22. Ng3 Nxg3+ 23. Bxg3 Qxb4 24. Rxf8+ Qxf8 25. Bc4+ Kh8 26. Rf1 Qe8 27. Ne4 Qg6 28. Bf7 Qh7 29. Qg2 Bf5 30. Nd6 Bd3 31. Bb3 Qg6 32. Rd1 Rf8 33. Nf7+ Kh7 34. Rxd3 Rxf7 35. Rd1 1-0

[Event "ESP-chT 1st Division 2020"]
[Site "Padron"]
[Date "2020.10.09"]
[Round "7.5"]
[White "Segura Santos, Luis"]
[Black "Vela Frago, Alberto"]
[Result "0-1"]
[ECO "C55"]
[WhiteElo "2122"]
[BlackElo "2071"]
[Annotator "ChessBase"]
[PlyCount "76"]
[EventDate "2020.10.01"]
[EventType "team-tourn"]
[EventCountry "ESP"]
[SourceTitle "playchess.com"]
[Source "ChessBase"]
[SourceQuality "1"]
[TimeControl "5400+30"]

1. e4 e5 2. Nf3 Nc6 3. Bc4 Nf6 4. d4 exd4 5. e5 d5 6. Bb5 Ne4 7. Nxd4 Bc5 8. Be3 O-O 9. Nxc6 bxc6 10. Bxc5 Nxc5 11. Bxc6 Rb8 12. Qxd5 Qe7 13. O-O Rxb2 14. Na3 Rd8 15. Qf3 Ba6 16. Rfd1 Ne6 17. Bd5 Rdb8 18. Rd2 R2b4 19. Rad1 h6 20. c4 Rb2 21. h3 Nf8 22. Qc3 Rxd2 23. Rxd2 Ng6 24. Qa5 Qxe5 25. Bxf7+ Kxf7 26. Rd7+ Ke6 27. Rd5 Qa1+ 28. Kh2 Rb6 29. Nc2 Qf6 30. Nd4+ Ke7 31. Qc5+ Ke8 32. Nf5 Bc8 33. Qe3+ Kf8 34. g4 Be6 35. Qc5+ Kg8 36. Qxc7 Bxd5 37. cxd5 Qe5+ 38. Qxe5 Nxe5 0-1

[Event "ESP-chT 1st Division 2020"]
[Site "Padron"]
[Date "2020.10.09"]
[Round "7.6"]
[White "Gracia Laguens, Asuncion"]
[Black "Dorado Meijide, Andrea"]
[Result "0-1"]
[ECO "A15"]
[WhiteElo "1414"]
[BlackElo "1779"]
[Annotator "NA"]
[PlyCount "74"]
[EventDate "2020.10.01"]
[EventType "team-tourn"]
[EventCountry "ESP"]
[SourceTitle "playchess.com"]
[Source "ChessBase"]
[SourceQuality "1"]
[TimeControl "5400+30"]

1. c4 Nf6 2. g3 e6 3. Bg2 d5 4. b3 Be7 5. Bb2 O-O 6. Nf3 c5 7. d3 d4 8. O-O Nc6 9. Nbd2 e5 10. Re1 Qc7 11. Nf1 Bg4 12. h3 Bh5 13. e4 dxe3 14. Rxe3 Nd7 15. Qc2 Rad8 16. Rae1 f6 17. g4 Bg6 18. Nh4 Nd4 19. Bxd4 cxd4 20. Rg3 Bb4 21. Re2 Nc5 22. Nxg6 hxg6 23. Bd5+ Kh8 24. h4 f5 25. f3 e4 26. fxe4 fxe4 27. Reg2 exd3 28. Qd1 Rde8 29. g5 Re1 30. Qf3 Rxf3 31. Rxf3 Qe7 32. h5 gxh5 33. g6 Nd7 34. Rf7 Qxf7 35. Bxf7 d2 36. Rh2 Nf6 37. Kf2 Rxf1+ 0-1

[Event "ESP-chT 1st Division 2020"]
[Site "Padron"]
[Date "2020.10.09"]
[Round "7.7"]
[White "Pap, Misa"]
[Black "Alsina Leal, Daniel"]
[Result "1/2-1/2"]
[ECO "B22"]
[WhiteElo "2447"]
[BlackElo "2494"]
[Annotator "ChessBase"]
[PlyCount "62"]
[EventDate "2020.10.01"]
[EventType "team-tourn"]
[EventCountry "ESP"]
[SourceTitle "playchess.com"]
[Source "ChessBase"]
[SourceQuality "1"]
[TimeControl "5400+30"]

1. e4 c5 2. c3 Nf6 3. e5 Nd5 4. Nf3 Nc6 5. d4 cxd4 6. cxd4 d6 7. Bc4 Nb6 8. Bb5 dxe5 9. Nxe5 Bd7 10. Nxd7 Qxd7 11. O-O e6 12. Nc3 Rd8 13. Be3 Be7 14. Qb3 O-O 15. Rfd1 Nd5 16. Nxd5 exd5 17. Rac1 Rc8 18. Rc3 a6 19. Bxc6 Rxc6 20. Rxc6 Qxc6 21. Rc1 Qd7 22. g3 h5 23. Bf4 Bf6 24. h4 Re8 25. Be3 b5 26. Rc5 Rd8 27. Kg2 Qe6 28. f3 Be7 29. Rc1 Bf6 30. Rc5 Be7 31. Rc1 Bf6 1/2-1/2

[Event "ESP-chT 1st Division 2020"]
[Site "Padron"]
[Date "2020.10.09"]
[Round "7.8"]
[White "Alonso Moyano, Jonathan"]
[Black "Pile, Richard"]
[Result "1-0"]
[ECO "B24"]
[WhiteElo "2334"]
[BlackElo "2450"]
[Annotator "ChessBase"]
[PlyCount "103"]
[EventDate "2020.10.01"]
[EventType "team-tourn"]
[EventCountry "ESP"]
[SourceTitle "playchess.com"]
[Source "ChessBase"]
[SourceQuality "1"]
[TimeControl "5400+30"]

1. e4 c5 2. Nc3 Nc6 3. Bb5 Nd4 4. Bc4 e6 5. Nge2 Nf6 6. O-O a6 7. a4 d5 8. exd5 exd5 9. Ba2 Bg4 10. f3 Be6 11. d3 h6 12. Nxd4 cxd4 13. Ne2 Bc5 14. Qe1 a5 15. Bb3 Qb6 16. Bd2 Kf8 17. g4 h5 18. g5 Ng8 19. Nf4 Re8 20. Rf2 Bd6 21. Bxa5 Qa6 22. Bb4 Ne7 23. Qd2 Qb6 24. Bxd6 Qxd6 25. Re1 Nf5 26. Rfe2 Ne3 27. Ng2 Nf5 28. Qf4 Rd8 29. Qe5 h4 30. Nf4 h3 31. Bxd5 Bd7 32. Qxd6+ Nxd6 33. Bb3 Rh4 34. Nd5 Bc6 35. Re5 g6 36. Kf2 Nf5 37. R1e4 Rh5 38. Rg4 Rh8 39. c3 Kg7 40. cxd4 Rhe8 41. Rxe8 Rxe8 42. Nc3 Re3 43. d5 Bd7 44. Bc4 Re8 45. Re4 Ra8 46. Bb5 Bxb5 47. Nxb5 Rd8 48. d6 Kf8 49. Rc4 Kg7 50. Rc7 Nxd6 51. Nxd6 Rxd6 52. Rxb7 1-0

[Event "ESP-chT 1st Division 2020"]
[Site "Padron"]
[Date "2020.10.09"]
[Round "7.9"]
[White "Hernando Rodrigo, Julio Antonio"]
[Black "Hernandez, Cristian Andres"]
[Result "0-1"]
[ECO "E12"]
[WhiteElo "2266"]
[BlackElo "2320"]
[Annotator "ChessBase"]
[PlyCount "108"]
[EventDate "2020.10.01"]
[EventType "team-tourn"]
[EventCountry "ESP"]
[SourceTitle "playchess.com"]
[Source "ChessBase"]
[SourceQuality "1"]
[TimeControl "5400+30"]

1. d4 Nf6 2. c4 e6 3. Nf3 b6 4. a3 c6 5. g3 d5 6. Bg2 Be7 7. O-O O-O 8. Nc3 Ba6 9. cxd5 cxd5 10. Ne5 Bb7 11. Bg5 Nbd7 12. Nd3 Ne8 13. Bf4 g5 14. Bc1 f5 15. Ne5 Nd6 16. f4 g4 17. e3 Nxe5 18. dxe5 Ne4 19. Ne2 Ba6 20. Bd2 Bc5 21. Re1 Qd7 22. b4 Be7 23. Nd4 Rfc8 24. Bxe4 dxe4 25. h3 h5 26. hxg4 hxg4 27. Kf2 Bc4 28. Rh1 Kg7 29. Rc1 Bd5 30. Bc3 Kg6 31. Bb2 Rh8 32. Qe2 a5 33. b5 Bc5 34. a4 Qg7 35. Kg2 Rxh1 36. Rxh1 Rh8 37. Qd1 Rh6 38. Rxh6+ Qxh6 39. Qh1 Qxh1+ 40. Kxh1 Kf7 41. Kg2 Ke7 42. Kf2 Kd7 43. Ke2 Kc7 44. Kd2 Bxd4 45. Bxd4 Bb3 46. Kc3 Bxa4 47. Kc4 Bd1 48. Bc3 Be2+ 49. Kd4 Bxb5 50. Be1 Be2 51. Bb4 Kc6 52. Be7 Kb5 53. Bd8 Kb4 54. Bxb6 a4 0-1

[Event "ESP-chT 1st Division 2020"]
[Site "Padron"]
[Date "2020.10.09"]
[Round "7.10"]
[White "Perez Manas, Benjamin"]
[Black "Hernando Rodrigo, Jose Maria"]
[Result "0-1"]
[ECO "B31"]
[WhiteElo "2259"]
[BlackElo "2311"]
[Annotator "ChessBase"]
[PlyCount "90"]
[EventDate "2020.10.01"]
[EventType "team-tourn"]
[EventCountry "ESP"]
[SourceTitle "playchess.com"]
[Source "ChessBase"]
[SourceQuality "1"]
[TimeControl "5400+30"]

1. e4 c5 2. Nf3 Nc6 3. Bb5 g6 4. O-O Bg7 5. Bxc6 dxc6 6. d3 e5 7. Nbd2 Ne7 8. Nc4 Qc7 9. Be3 b6 10. a3 Be6 11. b4 Bxc4 12. dxc4 cxb4 13. axb4 c5 14. bxc5 bxc5 15. Nd2 O-O 16. Nb3 Rfd8 17. Qe1 Nc6 18. Bxc5 Nd4 19. Qa5 Qc6 20. Bxd4 exd4 21. Qa4 Qxe4 22. Nc5 Qf5 23. Nd3 Rac8 24. Rfb1 Re8 25. Re1 Red8 26. c5 Rd7 27. Qc4 Bf6 28. h3 h5 29. Ra6 Kg7 30. Qa4 Rcc7 31. c6 Rd6 32. Qc4 Qc8 33. Nb4 d3 34. c3 d2 35. Rd1 Qe8 36. Raa1 Qe5 37. Ra3 a5 38. Nd3 Qe2 39. Nb2 Qe7 40. Rxa5 Rcxc6 41. Qa4 Bxc3 42. Rb5 Rd4 43. Qc2 Qe1+ 44. Kh2 Qxf2 45. Na4 Qf4+ 0-1